 Dungeon Crawl Stone Soup version 0.20-a0-800-g4a616ed (webtiles) character file.

5566 M4edhros the Covert (level 10, -1/68 HPs)
             Began as an Octopode Artificer on Mar 2, 2017.
             Was an Elder of Dithmenos.
             Succumbed to a killer bee's poison
             ... on level 7 of the Dungeon.
             The game lasted 00:17:42 (9594 turns).

M4edhros the Covert (Octopode Artificer)            Turns: 9594, Time: 00:17:43

Health: -1/68      AC:  1    Str: 12    XL:     10   Next: 72%
Magic:  12/12      EV: 18    Int: 14    God:    Dithmenos [****..]
Gold:   526        SH:  2    Dex: 18    Spells: 9/9 levels left

rFire    + . .     SeeInvis .   u - +3 bardiche
rCold    + . .     Gourm    .   (shield currently unavailable)
rNeg     . . .     Faith    .   (helmet restricted)
rPois    .         Spirit   .   l - +2 amulet of reflection
rElec    .         Reflect  +   E - ring of protection from cold
rCorr    .         Harm     .   G - ring of wizardry
MR       .....                  M - +3 ring of dexterity
Stlth    +++++++++.             I - ring of protection from fire
Regen    0.3/turn               (no ring)
MPRegen  0.2/turn               (no ring)
                                (no ring)
                                (no ring)

@: lethally poisoned (-1 -> -16), wreathed by umbra
A: almost no armour, stealthy swim, amphibious, 8 rings, constrict 8, camouflage
1, gelatinous body 1
a: Shadow Step, Renounce Religion


You were on level 7 of the Dungeon.
You worshipped Dithmenos.
Dithmenos was greatly pleased with you.
You were very hungry.

You visited 1 branch of the dungeon, and saw 7 of its levels.

You collected 552 gold pieces.
You spent 26 gold pieces at shops.

Inventory:

Hand Weapons
 a - a +0 short sword
 j - a +1 trident of piercing
 r - a +0 spear
 u - a +3 bardiche (weapon)
 x - a +0 hunting sling
 y - a +0 blowgun
 D - a +0 halberd
 L - a +1 whip of electrocution
Missiles
 g - 104 sling bullets
 p - 241 stones (quivered)
 A - 32 poisoned needles
Armour
 w - the +0 shield of Joduf {rC+}
   (You acquired it on level 7 of the Dungeon)

   It protects you from cold.
 P - a -1 shield
Jewellery
 l - a +2 amulet of reflection (around mantle)
 E - a ring of protection from cold (left tentacle)
 G - a ring of wizardry (right tentacle)
 I - a ring of protection from fire (on tentacle)
 M - a +3 ring of dexterity (on tentacle)
Wands
 b - a wand of flame (0/48)
 c - a wand of enslavement (0/24)
 d - a wand of random effects (10/48)
 h - a wand of polymorph (11/24)
 o - a wand of flame (23/48)
Scrolls
 k - 3 scrolls of amnesia
 n - a scroll of random uselessness
 s - a scroll of recharging
 v - a scroll of remove curse
 C - 6 scrolls of teleportation
 H - a scroll of magic mapping
 K - 3 scrolls of identify
Potions
 e - 2 potions of haste
 t - 4 potions of brilliance
Books
 i - a book of Changes

   Spells                             Type                      Level
   a - Beastly Appendage              Transmutation                1
   b - Sticks to Snakes               Transmutation                2
   c - Spider Form                    Transmutation/Poison         3
   d - Ice Form                       Ice/Transmutation            4
   e - Blade Hands                    Transmutation                5
 z - a book of Conjurations

   Spells                             Type                      Level
   a - Magic Dart                     Conjuration                  1
   b - Searing Ray                    Conjuration                  2
   c - Dazzling Spray                 Conjuration/Hexes            3
   d - Fulminant Prism                Conjuration/Hexes            4
   e - Force Lance                    Conjuration/Translocation    4
   f - Iskenderun's Mystic Blast      Conjuration                  4
Comestibles
 f - 8 bread rations
 m - 2 meat rations
 F - 5 fruits
 O - 2 royal jellies


   Skills:
 + Level 6.1 Fighting
 - Level 1.0 Short Blades
 * Level 2.7 Polearms
 - Level 8.1 Slings
 * Level 6.6 Dodging
 + Level 12.4 Stealth
 - Level 3.3 Shields
 - Level 3.2 Evocations


You had 9 spell levels left.
You didn't know any spells.

Dungeon Overview and Level Annotations

Branches:
Dungeon (7/15)             Temple (0/1) D:6

Altars:
Cheibriados
Dithmenos
Makhleb
Vehumet
Wu Jian
Yredelemnul
Zin
The Shining One

Shops:
D:4 *   D:5 :   D:7 (

Annotations:
D:3 Natasha


Innate Abilities, Weirdness & Mutations

You cannot wear most types of armour.
You are very stealthy in the water. (Stealth+)
You are amphibious.
You can wear up to eight rings at the same time.
You can use your tentacles to constrict eight enemies at once.
Your skin changes colour to match your surroundings (Stealth+).
Your rubbery body absorbs attacks. (AC +1, EV +1)


Message History

The killer bee is moderately wounded.
You constrict the killer bee.
You feel very sick. The killer bee stings you!
* * * LOW HITPOINT WARNING * * *
The killer bee closely misses you. The killer bee misses you.
The killer bee stings you.
* * * LOW HITPOINT WARNING * * *
You are more poisoned.
The killer bee poisons you!
Okay, then.
Okay, then.
You barely miss the killer bee.
The killer bee buzzes angrily.
You squeeze the killer bee.
The killer bee is severely wounded.
You constrict the killer bee!
You kill the killer bee!
Dithmenos accepts your kill.
You die...

#.#.....#.#.....########
###.###.#.)..............# ....#
#∩#.).#.....##y....##..
#######.###.#.#...y........#
....).....<..(.............#
.#######..y..#...))........# .#
#........#..#.).########
.####.####.....####(######
...##.#........'@........########
.#.##.##.#.....####........##...#
..................+........'.....
.........#####.####.......)#.....
.#.##.##.# #[# #.......[#...._
##.##....# #)# #........##....
...#####.## #)# ####.....##....
#### #..# #.# #.....##.... ...#
#..# #.# #.....######


You could see a killer bee.

Vanquished Creatures
  An orc knight (D:7)
  The ghost of M4edhros the Sneak, an amateur OpAr (D:5)
  A hippogriff (D:7)
  5 wargs (D:7)
  7 orc warriors
  An ice beast (D:6)
  3 ogres
  A phantom (D:6)
  3 centaurs
  A big kobold (D:7)
  Blork the orc (D:4)
  A bullfrog (D:6)
  3 killer bees (D:7)
  7 wights
  2 howler monkeys (D:4)
  A bullfrog zombie (D:5)
  A centaur zombie (D:5)
  3 crimson imps
  3 hounds
  5 jellies
  4 orc priests
  2 bullfrog skeletons
  8 orc wizards
  Ijyb (D:3)
  Natasha (twice) (D:3)
  3 worker ants
  A killer bee zombie (D:7)
  A hound zombie (D:5)
  Robin (D:2)
  7 gnolls
  4 adders
  2 oozes
  2 adder zombies (D:5)
  4 worms
  2 dart slugs
  7 leopard geckos
  43 orcs
  7 giant cockroaches
  6 hobgoblins
  8 jackals
  8 kobolds
  3 quokkas
  A ball python (D:3)
  9 bats
  5 frilled lizards
  20 goblins
  5 rats
217 creatures vanquished.

Vanquished Creatures (collateral kills)
  2 orc knights (D:7)
  3 wargs (D:7)
  2 orc warriors (D:7)
  A gnoll (D:3)
  9 orcs (D:7)
  A hobgoblin (D:2)
  A quokka zombie (D:4)
19 creatures vanquished.

Vanquished Creatures (others)
  An orc knight (D:7)
  5 wargs (D:7)
  An orc warrior (D:7)
  A centaur (D:7)
  A worker ant (D:4)
  An adder (D:4)
  A hobgoblin (D:2)
  2 plants (D:7)
13 creatures vanquished.

Grand Total: 249 creatures vanquished

Notes
Turn   | Place    | Note
-------+----------+-------------------------------------------
     0 | D:1      | M4edhros the Octopode Artificer began the quest for the Orb.
     0 | D:1      | Reached XP level 1. HP: 13/13 MP: 3/3
    38 | D:1      | Reached skill level 2 in Stealth
   186 | D:2      | Reached skill level 3 in Stealth
   186 | D:2      | Reached XP level 2. HP: 11/18 MP: 4/4
   392 | D:3      | Reached skill level 4 in Stealth
   394 | D:3      | Reached XP level 3. HP: 2/23 MP: 5/5
   687 | D:4      | Found Jaakhlir's Assorted Antiques.
   694 | D:4      | Noticed Blork the orc
   700 | D:4      | Killed Blork the orc
   700 | D:4      | Reached skill level 6 in Stealth
   700 | D:4      | Reached XP level 4. HP: 17/28 MP: 6/6
   706 | D:4      | Reached XP level 5. HP: 15/33 MP: 7/7
   713 | D:4      | Reached skill level 7 in Stealth
   740 | D:4      | Bought a wand of flame (?/48) for 26 gold pieces
   948 | D:4      | Noticed an ogre
   968 | D:4      | Killed an ogre
   968 | D:4      | Reached skill level 8 in Stealth
   968 | D:4      | Reached XP level 6. HP: 9/38 MP: 8/8
  1275 | D:4      | Reached skill level 9 in Stealth
  1443 | D:4      | Found an ornate altar of the Wu Jian Council.
  1443 | D:4      | Found a glowing silver altar of Zin.
  1447 | D:4      | Found a basalt altar of Yredelemnul.
  1448 | D:4      | Found a shadowy altar of Dithmenos.
  1452 | D:4      | Became a worshipper of Dithmenos the Shadowed
  1555 | D:3      | Noticed Ijyb
  1990 | D:2      | Noticed Robin
  2022 | D:2      | Killed Robin
  2083 | D:2      | Reached * piety under Dithmenos
  2485 | D:2      | Found a glowing golden altar of the Shining One.
  2562 | D:2      | Found a snail-covered altar of Cheibriados.
  2725 | D:3      | Noticed Natasha
  2733 | D:3      | Killed Natasha
  2733 | D:3      | Reached XP level 7. HP: 32/43 MP: 9/9
  2893 | D:3      | Killed Ijyb
  2893 | D:3      | Reached skill level 1 in Slings
  3037 | D:3      | Noticed Natasha
  3046 | D:3      | Killed Natasha
  3155 | D:3      | Noticed Natasha
  4018 | D:4      | Reached ** piety under Dithmenos
  4040 | D:4      | Reached skill level 10 in Stealth
  4126 | D:4      | HP: 2/44 [poisoned by a worker ant]
  4441 | D:4      | Found a burning altar of Makhleb.
  4603 | D:5      | Entered Level 5 of the Dungeon
  5125 | D:5      | Reached XP level 8. HP: 47/51 MP: 10/10
  5138 | D:5      | Noticed M4edhros's ghost (amateur OpAr)
  5171 | D:5      | Found Maxu's Book Shoppe.
  6222 | D:5      | Killed M4edhros's ghost
  6408 | D:6      | Reached skill level 5 in Slings
  6437 | D:6      | Found a staircase to the Ecumenical Temple.
  6496 | D:6      | Reached *** piety under Dithmenos
  6510 | D:6      | Reached skill level 11 in Stealth
  6510 | D:6      | Reached XP level 9. HP: 58/58 MP: 11/11
  7503 | D:7      | Found Xiuclosh's Antique Weapon Shoppe.
  7564 | D:7      | Reached skill level 5 in Dodging
  7565 | D:7      | Reached **** piety under Dithmenos
  7894 | D:7      | Found a shadowy altar of Dithmenos.
  7914 | D:7      | Found a radiant altar of Vehumet.
  7969 | D:7      | Reached skill level 5 in Fighting
  8115 | D:7      | Reached skill level 1 in Shields
  8252 | D:7      | Reached XP level 10. HP: 55/66 MP: 12/12
  8257 | D:7      | Noticed an orc knight
  8257 | D:7      | Noticed an orc knight
  8266 | D:7      | Noticed an orc knight
  8273 | D:7      | Killed an orc knight
  8273 | D:7      | Reached skill level 12 in Stealth
  8275 | D:7      | Noticed an orc knight
  8317 | D:7      | Killed an orc knight
  8442 | D:7      | Killed an orc knight
  8656 | D:7      | Reached skill level 1 in Polearms
  8671 | D:7      | Identified a scroll of acquirement
  8672 | D:7      | Got an encrusted shield
  8679 | D:7      | Identified the +0 shield of Joduf {rC+} (You acquired it on level 7 of the Dungeon)
  8697 | D:7      | HP: 3/68 [warg (11)]
  9593 | D:7      | HP: 1/68 [killer bee (6)]
  9594 | D:7      | Succumbed to a killer bee's poison

Vault maps used:
D:1:      lemuel_arrival_tunnels
D:2:      kennysheep_slug_shrine, marbit_many_paths, uniq_robin
D:3:      first_bread, uniq_natasha, uniq_iyjb
D:4:      kennysheep_the_goblin_king, minitemple, kennysheep_mini_moat,
          serial_shops, shop, kennysheep_generic_room_16, uniq_blork_the_orc
D:5:      serial_shops, kennysheep_little_box, minmay_strange_pillars,
          st_stairs_9
D:6:      temple_pool_b
D:7:      lemuel_castle_with_subvaults, lemuel_round_altar, serial_shops, shop,
          basic_altar

Skill      XL: |  1  2  3  4  5  6  7  8  9 10 |
---------------+-------------------------------+-----
Stealth        | 3 4 6 8 9 10 11 12 | 12.4
Slings         | 3 5 7 8 |  8.1
Fighting       | 2 3 5 6 |  6.1
Dodging        | 3 4 5 6 |  6.6
Shields        | 1 3 |  3.3
Polearms       | 2 |  2.7
Short Blades   | |  1.0
Evocations     | |  3.2

Action                   |  1- 3 |  4- 6 |  7- 9 | 10-12 || total
-------------------------+-------+-------+-------+-------++-------
Melee: Short sword       |    22 |    54 |    19 |       ||    95
       Constrict         |     4 |    19 |    68 |     8 ||    99
       Tentacles         |     1 |    13 |    83 |    16 ||   113
       Spear             |       |    43 |   195 |       ||   238
       Whip              |       |       |    70 |     8 ||    78
       Trident           |       |       |   118 |    25 ||   143
       Bardiche          |       |       |       |    84 ||    84
       Unarmed           |       |       |       |    14 ||    14
 Fire: Hunting sling     |       |       |    32 |       ||    32
       Blowgun           |       |       |       |    22 ||    22
Evoke: Wand              |     8 |    16 |     9 |    15 ||    48
  Use: Scroll            |       |     1 |     8 |     4 ||    13
       Potion            |       |     1 |     9 |     2 ||    12
 Stab: Sleeping          |     3 |    15 |    43 |       ||    61
       Paralysed         |       |     2 |       |       ||     2
       Distracted        |       |       |     2 |     3 ||     5
  Eat: Chunk             |       |     5 |    14 |     4 ||    23
       Royal jelly       |       |       |     2 |       ||     2
Armor: Skin              |     1 |     1 |    48 |     2 ||    52
Dodge: Dodged            |    10 |    58 |   235 |   118 ||   421
Block: Other             |       |     3 |    22 |     4 ||    29
       Reflection        |       |     1 |     3 |       ||     4
       Shield            |       |       |     7 |     5 ||    12
